 Dungeon Crawl Stone Soup version 0.29-a0-1023-g6ae1a4a2c7 (webtiles) character file.

Game seed: 8363931264832070029

406 RBrandon the Chopper (level 6, -3/50 HPs)
             Began as a Ghoul Artificer on Aug 12, 2022.
             Killed by divine providence
             ... invoked by an orc priest
              (12 damage)
             ... on level 4 of the Dungeon.
             The game lasted 00:05:12 (4561 turns).

RBrandon the Chopper (Ghoul Artificer)              Turns: 4561, Time: 00:05:12

Health: -3/50      AC: 10    Str: 18    XL:     6   Next: 87%
Magic:  5/5        EV:  7    Int:  6    God:
Gold:   138        SH:  0    Dex:  9    Spells: 5/5 levels left

rFire   . . .      SeeInvis .   j - +0 war axe
rCold   + . .      Faith    .   (no shield)
rNeg    + + +      Spirit   .   w - +0 chain mail
rPois   ∞          Reflect  .   (no helmet)
rElec   .          Harm     .   (no cloak)
rCorr   .          Rampage  .   (no gloves)
Will    .....                   l - +0 pair of boots
Stlth   ..........              (no amulet)
HPRegen 0.00/turn               (no ring)
MPRegen 0.09/turn               (no ring)

@: inhibited regen
A: claws 1, cold resistance 1, negative energy resistance 3, inhibited
regeneration, torment resistance 2, devour on kill
a: no special abilities


You were on level 4 of the Dungeon.
You visited 1 branch of the dungeon, and saw 5 of its levels.

You collected 138 gold pieces.

Inventory:

Hand Weapons
 j - a +0 war axe (weapon)
Missiles
 o - a throwing net
 r - 4 javelins
Armour
 b - a +0 leather armour
 h - a +0 ring mail
 l - a +0 pair of boots (worn)
 w - a +0 chain mail (worn)
Jewellery
 f - a ring of protection from cold
 k - a ring of fire
Wands
 c - a wand of flame (25) (quivered)
 d - a wand of charming (12)
 e - a wand of iceblast (3)
Scrolls
 i - 8 scrolls of identify {unknown}
 m - a scroll of fear {unknown}
 s - a scroll of teleportation {unknown}
 t - a scroll of noise {unknown}
 u - a scroll of poison {unknown}
 x - a scroll of acquirement {unknown}
 y - a scroll of vulnerability {unknown}
Potions
 a - a potion of might
 g - 2 potions of ambrosia {unknown}
 n - a potion of heal wounds
 p - a potion of magic {unknown}
 q - a potion of curing {unknown}
 v - a potion of flight {unknown}


   Skills:
 + Level 2.4 Fighting
 * Level 5.0 Axes
 + Level 2.5 Armour
 - Level 1.4 Dodging
 - Level 1.9 Stealth
 - Level 2.9 Evocations


You had 5 spell levels left.
You didn't know any spells.
Your spell library contained the following spells:

 Spells                   Type           Power      Damage    Failure   Level
 Call Canine Familiar     Summ           0%         N/A       100%        3
 Portal Projectile        Hex/Tloc       0%         N/A       100%        3
 Leda's Liquefaction      Hex/Erth       0%         N/A       100%        4


Dungeon Overview and Level Annotations

Branches:
Dungeon (5/15)
 Temple: D:4-7

Altars:


Innate Abilities, Weirdness & Mutations

You are immune to poison.
You have sharp fingernails.
Your flesh is cold resistant. (rC+)
You are immune to negative energy. (rN+++)
You do not regenerate when monsters are visible.
You are immune to unholy pain and torment.
You thrive by killing the living.


Message History

The orc hits you with a +0 trident. Something hits you.
You slash the orc!
You kill the orc!
You hit something.
Something hits you but does no damage. x2
Something hits you but does no damage.
You hear some strange, mumbled words.
Something tries to affect you, but you resist.
You see here a +0 trident.
You hear some strange, mumbled words.
Something tries to affect you, but you resist.
You see here a +0 trident.
You slash something!
You feel better.
Reactivating autopickup.
You feel a bit more experienced.
Your Axes skill increases to level 5!
Items here: )) [ †.
You see here a jackal corpse.
You see here a hound corpse.
You feel a little less mighty now.
An orc priest is nearby!
An orc priest is nearby!
An orc priest is nearby!
You see here a jackal corpse.
The orc priest invokes the aid of Beogh against you.
Beogh smites you! The orc priest hits you with a +0 mace.
* * * LOW HITPOINT WARNING * * *
You closely miss the orc priest.
The orc priest casts a cantrip, but nothing happens.
You hit the orc priest but do no damage.
Your claw misses the orc priest.
The orc priest hits you but does no damage.
You slash the orc priest!
The orc priest is severely wounded.
The orc priest calls down the wrath of Beogh upon you.
Beogh smites you!
* * * LOW HITPOINT WARNING * * *
The orc priest invokes the aid of Beogh against you.
Beogh smites you!
You die...

#######.###..#.##### #....#
..>............#.# #...##
#+#..######.#.#..#.# #....#
..... #.#.#..#.#########...#
#...#####.#.#.<.........##...#
#.............#.#######.##...#
###...............).....[......)
.......####.#...........#..#...#
........))†††..@o....[#.#..#....
.........)......................
............#.#.####.####..#....
...............####...####.#....
...#..........####.....####...#.
.. #.......####.#.......#.#####.
. #..###### #.............####
#.. #...............#.##
........)..........#


You could see an orc priest.

Vanquished Creatures
  Duvessa (D:4)
  Dowan (D:4)
  A jelly (D:4)
  2 hounds
  2 orc wizards (D:4)
  A gnoll (D:1)
  A worm (D:2)
  9 orcs
  7 bats
  10 endoplasms
  6 giant cockroaches
  12 goblins
  5 hobgoblins
  5 jackals (D:4)
  3 quokkas (D:3)
  7 ball pythons
  7 frilled lizards
  6 kobolds
  7 rats
93 creatures vanquished.

Vanquished Creatures (collateral kills)
  A worm (D:5)
  An orc (D:4)
2 creatures vanquished.

Vanquished Creatures (others)
  A goblin (D:4)
1 creature vanquished.

Grand Total: 96 creatures vanquished

Notes
Turn   | Place    | Note
-------+----------+-------------------------------------------
     0 | D:1      | RBrandon the Ghoul Artificer began the quest for the Orb.
     0 | D:1      | Reached XP level 1. HP: 16/16 MP: 0/0
   222 | D:1      | Reached skill level 1 in Dodging
   374 | D:1      | Reached XP level 2. HP: 23/23 MP: 1/1
   776 | D:1      | Reached XP level 3. HP: 28/28 MP: 2/2
  2176 | D:2      | Reached XP level 4. HP: 27/36 MP: 3/3
  2184 | D:2      | Reached skill level 1 in Axes
  3606 | D:4      | Reached skill level 2 in Axes
  3824 | D:4      | Noticed Duvessa
  3824 | D:4      | Noticed Dowan
  3829 | D:4      | Killed Dowan
  3830 | D:4      | Reached XP level 5. HP: 33/41 MP: 4/4
  3836 | D:4      | Reached skill level 3 in Axes
  3848 | D:4      | Killed Duvessa
  3849 | D:4      | Reached skill level 4 in Axes
  3849 | D:4      | Reached XP level 6. HP: 24/48 MP: 5/5
  3925 | D:5      | Entered Level 5 of the Dungeon
  4531 | D:4      | Reached skill level 5 in Axes
  4561 | D:4      | Killed from afar by an orc priest

Illustrated notes

Levels and vault maps discovered:
D:1:      wander_arrival_desolate, layout_basic
D:2:      layout_loops_corners, corner_web_ring
D:3:      layout_loops_cross
D:4:      layout_basic, nicolae_figureground_pulse, uniq_duvessa
D:5:      layout_basic, minmay_temple_entry_fiery, uniq_ijyb

Skill      XL: |  1  2  3  4  5  6 |
---------------+-------------------+-----
Dodging        | 1 |  1.4
Armour         | 2 |  2.5
Fighting       | 2 |  2.4
Axes           | 2 4 5 |  5.0
Stealth        | |  1.9
Evocations     | |  2.9

Action                   |  1- 3 |  4- 6 || total
-------------------------+-------+-------++-------
Melee: Unarmed           |   125 |       ||   125
       Club              |    11 |       ||    11
       War axe           |    30 |   149 ||   179
       Punch             |     2 |       ||     2
Evoke: Wand              |     5 |     9 ||    14
  Use: Potion            |       |     1 ||     1
Armor: Leather armour    |    16 |       ||    16
       Ring mail         |    53 |    68 ||   121
       Chain mail        |       |    45 ||    45
Dodge: Dodged            |    81 |   104 ||   185

Table legend: (Time is in decaauts)
 A = Elapsed time spent in this place.
 B = Non-inter-level travel time spent in this place.
 C = Inter-level travel time spent in this place.
 D = Time resting spent in this place.
 E = Time spent auto-exploring this place.
 F = Levels seen in this place.
 G = Mean time per level.
                   A        B        C        D        E       F      G
               +--------+--------+--------+--------+--------+-----+--------+
         Total |   4632 |   4462 |    170 |    701 |   2899 |   5 |  926.4 |
       Dungeon |   4632 |   4462 |    170 |    701 |   2899 |   5 |  926.4 |
               +--------+--------+--------+--------+--------+-----+--------+

Top non-repeatable levels by time:
     D:1: 1547 daAuts
     D:3: 1182 daAuts
     D:2: 1093 daAuts
     D:4: 777 daAuts
     D:5: 30 daAuts

Table legend:
 A = Kills in this place as a percentage of kills in entire the game.
 B = Kills by you in this place as a percentage of kills by you in the entire game.
 C = Kills by friends in this place as a percentage of kills by friends in the entire game.
 D = Other kills in this place as a percentage of other kills in the entire game.
 E = Experience gained in this place as a percentage of experience gained in the entire game.
 F = Experience gained in this place divided by the number of levels of this place that you have seen.
                   A       B       C       D       E      F
               +-------+-------+-------+-------+-------+----------------------
         Total | 100.0 | 100.0 | 100.0 |   N/A | 100.0 | 116.2
       Dungeon | 100.0 | 100.0 | 100.0 |   N/A | 100.0 | 116.2
               +-------+-------+-------+-------+-------+----------------------
